 Dungeon Crawl Stone Soup version 0.29-a0-319-gad05b8d819 (webtiles) character file.

Game seed: 9209008669548608367

41 kae the Firebug (level 3, -3/20 HPs)
             Began as a Tengu Fire Elementalist on Apr 1, 2022.
             Succumbed to a scorpion's poison
             ... on level 2 of the Dungeon.
             The game lasted 00:01:38 (1911 turns).

kae the Firebug (Tengu Fire Elementalist)           Turns: 1911, Time: 00:01:39

Health: -3/20      AC:  2    Str:  8    XL:     3   Next: 52%
Magic:  2/7        EV: 27    Int: 17    God:
Gold:   81         SH:  0    Dex: 14    Spells: 0/6 levels left

rFire   . . .      SeeInvis .   g - +2 dagger (elec)
rCold   . . .      Faith    .   (no shield)
rNeg    . . .      Spirit   .   a - +0 robe
rPois   .          Reflect  .   (helmet restricted)
rElec   .          Harm     .   (no cloak)
rCorr   .          Rampage  .   (no gloves)
Will    .....                   (boots unavailable)
Stlth   ++........              d - amulet of the acrobat
HPRegen 0.06/turn               (no ring)
MPRegen 0.10/turn               (no ring)

@: lethally poisoned (-3 -> -18), acrobatic, very slightly contaminated
A: beak, talons 3
a: no special abilities


You were on level 2 of the Dungeon.
You visited 1 branch of the dungeon, and saw 2 of its levels.

You collected 81 gold pieces.

Inventory:

Hand Weapons
 g - a +2 dagger of electrocution (weapon)
Armour
 a - a +0 robe (worn)
Jewellery
 d - an amulet of the acrobat (around neck)
Scrolls
 c - a scroll of identify {unknown}
 e - a scroll of fear {unknown}
 f - 2 scrolls of enchant weapon {unknown}
 h - 3 scrolls of magic mapping {unknown}
 j - a scroll of teleportation {unknown}
 n - 2 scrolls of holy word {unknown}
Potions
 b - a potion of magic
 i - a potion of invisibility {unknown}
 k - a potion of haste {unknown}
 l - a potion of mutation {unknown}
 m - a potion of curing {unknown}
 o - a potion of attraction {unknown}


   Skills:
 + Level 0.6 Fighting
 + Level 1.0 Armour
 + Level 2.5 Dodging
 - Level 2.0 Stealth
 + Level 2.2 Spellcasting
 + Level 2.1 Conjurations
 * Level 3.8 Fire Magic


You couldn't memorise any spells.
You knew the following spells:

 Your Spells              Type           Power      Damage    Failure   Level
a - Foxfire               Conj/Fire      48%        2x1d6     5%          1
b - Scorch                Fire           30%        2d7       6%          2
c - Conjure Flame         Conj/Fire      12%        6-21      17%         3

Your spell library contained the following spells:

 Spells                   Type           Power      Damage    Failure   Level
 Inner Flame              Hex/Fire       8%         N/A       26%         3
 Flame Wave               Conj/Fire      12%        2d6       50%         4


Dungeon Overview and Level Annotations

Branches:
Dungeon (2/15)

Altars:


Innate Abilities, Weirdness & Mutations

You have a beak for a mouth.
You have claws for feet.


Message History

Casting: Foxfire (safe; 5% risk of failure)
Confirm with . or Enter, or press ? or * to list all spells.
You conjure some foxfire!
The foxfire hits the scorpion.
The scorpion is lightly wounded.
A scorpion is nearby!
Casting: Foxfire (safe; 5% risk of failure)
Confirm with . or Enter, or press ? or * to list all spells.
You conjure some foxfire!
The foxfire hits the scorpion.
The scorpion is moderately wounded.
Your foxfire dissipates!
Casting: Foxfire (safe; 5% risk of failure)
Confirm with . or Enter, or press ? or * to list all spells.
You miscast Foxfire.
You are very lightly contaminated with residual magic.
Nothing appears to happen.
The scorpion stings you.
Your foxfire dissipates!
The scorpion stings you.
Casting: Foxfire (safe; 5% risk of failure)
Confirm with . or Enter, or press ? or * to list all spells.
You conjure some foxfire!
The scorpion stings you.
* * * LOW HITPOINT WARNING * * *
The foxfire hits the scorpion but does no damage.
The scorpion is moderately wounded.
The scorpion completely misses you.
A scorpion is nearby!
Casting: Foxfire (safe; 5% risk of failure)
Confirm with . or Enter, or press ? or * to list all spells.
You conjure some foxfire!
The scorpion closely misses you.
Your foxfire dissipates!
The foxfire hits the scorpion.
The scorpion is moderately wounded.
The scorpion completely misses you.
Casting: Foxfire (safe; 5% risk of failure)
Confirm with . or Enter, or press ? or * to list all spells.
You conjure some foxfire!
The scorpion stings you.
* * * LOW HITPOINT WARNING * * *
You are lethally poisoned!
The scorpion poisons you! The scorpion closely misses you.
You die...

##.##############.##
#.#....# #.# #.##.#
#.# #.##.#########.#
#.##...........#
#.################
#.########........
#........vv...#
##########@##.#
....).sv...#
#####.#.#..#
........# ### ### .#
.# #


You could see a scorpion (ally target).

Vanquished Creatures
  An adder (D:2)
  2 dart slugs (D:1)
  2 ball pythons (D:1)
  4 giant cockroaches
  A goblin (D:2)
  A hobgoblin (D:1)
  2 jackals (D:2)
  2 kobolds (D:1)
  2 quokkas (D:1)
  5 bats
  A frilled lizard (D:1)
  3 rats
26 creatures vanquished.

Vanquished Creatures (others)
  94 foxfires
  11 plants (D:1)
  14 withered plants (D:1)
119 creatures vanquished.

Grand Total: 145 creatures vanquished

Notes
Turn   | Place    | Note
-------+----------+-------------------------------------------
     0 | D:1      | kae the Tengu Fire Elementalist began the quest for the
                  | Orb.
     0 | D:1      | Reached XP level 1. HP: 10/10 MP: 4/4
   296 | D:1      | Reached XP level 2. HP: 15/15 MP: 3/6
   655 | D:1      | Found a faded altar of an unknown god.
  1262 | D:2      | Reached skill level 1 in Armour
  1262 | D:2      | Reached XP level 3. HP: 20/20 MP: 4/7
  1265 | D:2      | Learned a level 2 spell: Scorch
  1269 | D:2      | Learned a level 3 spell: Conjure Flame
  1900 | D:2      | Noticed a scorpion
  1910 | D:2      | HP: 1/20 [scorpion (3)]
  1911 | D:2      | Succumbed to a scorpion's poison

Illustrated notes

Levels and vault maps discovered:
D:1:      sevenhm_arrival_forest_fort_small_6, layout_basic,
          shapermc_ecumenical_altar_flowoftime, minmay_fountain_box
D:2:      layout_basic, lemuel_another_geyser

Skill      XL: |  1  2  3 |
---------------+----------+-----
Armour         | 1 |  1.0
Conjurations   | 2 |  2.1
Fighting       | |  0.6
Dodging        | |  2.5
Stealth        | |  2.0
Spellcasting   | |  2.2
Fire Magic     | |  3.8

Action                   || total
-------------------------++-------
Melee: Kick              ||    22
       Unarmed           ||     2
       Peck              ||    15
       Dagger            ||    43
 Cast: Foxfire           ||    57
 Stab: Sleeping          ||     2
Armor: Robe              ||     1
Dodge: Dodged            ||    11

Table legend: (Time is in decaauts)
 A = Elapsed time spent in this place.
 B = Non-inter-level travel time spent in this place.
 C = Inter-level travel time spent in this place.
 D = Time resting spent in this place.
 E = Time spent auto-exploring this place.
 F = Levels seen in this place.
 G = Mean time per level.
                   A        B        C        D        E       F      G
               +--------+--------+--------+--------+--------+-----+--------+
         Total |   1910 |   1884 |     26 |     10 |   1579 |   2 |  955.0 |
       Dungeon |   1910 |   1884 |     26 |     10 |   1579 |   2 |  955.0 |
               +--------+--------+--------+--------+--------+-----+--------+

Top non-repeatable levels by time:
     D:1: 1204 daAuts
     D:2: 705 daAuts
